cohdb
Replays
Latest Replays
All Replays
Popular Replays
Top Player Replays
Match Explorer
How It Works
Community
CoH3 Stats
Reddit
Sign in to upload your games and track your stats! →
Sign in with Steam
Match 43704407
Unlisted
Match 43704407
Overview
Messages
Build Orders
End
Panzerpioneer Squad
Selects Panzerjäger Kommand Battlegroup
Panzergrenadier Squad
Panzergrenadier Squad
250 Light Carrier
Selects Blockade Equipment
250 Light Carrier
Selects GrB 39 Grenade Launcher Requisition
Construct Light Support Kompanie
Combat Half-tracks
Construct Mechanized Kompanie
2.5-tonne Medical Truck
Panzerjäger Mechanized Group
Selects Crew Shock Tactics
Forward Retreat Point
Vehicle Survival Package
Construct Panzerarmee Kommand
Veteran Squad Leaders
Armored Reserves
Emergency Repair Kits
Rapid Advance
Tungsten Core Ammunition
Tiger Heavy Tank
Advanced Optics
Advanced Field Repairs
Selects Elefant Tank Destroyer
Elefant Tank Destroyer
Nortgron
Kanehdian
remi
mouse in parrot's clothing
Javusagisan
admiral_gnar
maxkakoi
igor_dsp
0
0
Comments
sign in to comment!
No comments posted yet!